 Seeded DCSS version 0.29-a0-1043-g569b05d6ff (webtiles) character file.

Game seed: 6412630463162705414 (custom seed)

15 flotson the Sneak (level 2, -5/24 HPs)
             Began as a Demonspawn Delver on Aug 16, 2022.
             Killed from afar by Sigmund (12 damage)
             ... with a puff of flame
             ... on level 3 of the Dungeon.
             The game lasted 00:00:54 (350 turns).

flotson the Sneak (Demonspawn Delver)                Turns: 350, Time: 00:00:55

Health: -5/24      AC:  3    Str: 12    XL:     2   Next: 34%
Magic:  2/2        EV: 12    Int: 11    God:
Gold:   14         SH:  0    Dex: 14    Spells: 1/1 levels left

rFire   . . .      SeeInvis .   a - +0 hand axe
rCold   . . .      Faith    .   (no shield)
rNeg    . . .      Spirit   .   b - +0 leather armour
rPois   .          Reflect  .   (no helmet)
rElec   .          Harm     .   (no cloak)
rCorr   .          Rampage  .   (no gloves)
Will    .....                   (no boots)
Stlth   ++........              (no amulet)
HPRegen 0.08/turn               (no ring)
MPRegen 0.08/turn               (no ring)

@: no status effects
A: weakness stinger 1
a: no special abilities


You were on level 3 of the Dungeon.
You visited 1 branch of the dungeon, and saw 3 of its levels.

You collected 14 gold pieces.

Inventory:

Hand Weapons
 a - a +0 hand axe (weapon)
Armour
 b - a +0 leather armour (worn)
Wands
 g - a wand of digging (3)
Scrolls
 c - a scroll of fog
 d - a scroll of magic mapping
 e - a scroll of fear


   Skills:
 + Level 3.2 Fighting
 - Level 1.7 Axes
 + Level 0.6 Armour
 + Level 2.0 Dodging
 - Level 4.5 Stealth
 + Level 0.8 Evocations


You had one spell level left.
You didn't know any spells.
Your spell library was empty.

Dungeon Overview and Level Annotations

Branches:
Dungeon (5/15)
 Temple: D:4-7

Altars:
Sif Muna

Annotations:
D:3 Sigmund


Innate Abilities, Weirdness & Mutations

You have a small tail.


Message History

No target in view!
HP restored.
You see here a ball python corpse.
A ball python comes into view.
You now have 14 gold pieces.
An orc comes into view. It is wielding a +0 club.
The orc shouts!
You hear a shout!
Found a shimmering blue altar of Sif Muna.
You hit the ball python. You tail-slap the ball python.
You kill the ball python!
You barely miss the orc. The orc hits you with a +0 club.
You hit the orc.
The orc is heavily wounded.
Sigmund the Dreaded comes into view.
He is wielding a +0 scythe.
The orc hits you but does no damage. The orc closely misses you.
You barely miss the orc.
The orc is heavily wounded.
The orc completely misses you.
You hit the orc.
The orc is heavily wounded.
Sigmund laughs darkly.
The orc hits you with a +0 club.
You barely miss the orc. You tail-slap the orc.
You kill the orc!
Sigmund hits you with a +0 scythe!
You see here a +0 club.
You hit Sigmund.
Sigmund is lightly wounded.
Sigmund closely misses you.
You barely miss Sigmund.
Sigmund is lightly wounded.
Sigmund casts a spell at you. The magic dart hits you.
* * * LOW HITPOINT WARNING * * *
You are too injured to fight recklessly!
You are too injured to fight recklessly!
Sigmund casts a spell at you. The puff of flame hits you!
Ouch! That really hurt!
You die...

##..###....
#.†# ..(
#..# # ...
#..#.# .
#).#.#
#....#
#..#...# .
#..#.#.#
§≈≈.###@#.#
#
≈≈≈....)..#
_°§.###@.##
≈≈ #..#
##.. ..#
... #..#
..#


You could see Sigmund.

Vanquished Creatures
  An adder (D:5)
  An orc (D:3)
  A kobold (D:3)
  2 ball pythons (D:3)
5 creatures vanquished.

Notes
Turn   | Place    | Note
-------+----------+-------------------------------------------
     0 | D:5      | flotson the Demonspawn Delver began the quest for the Orb.
     0 | D:5      | Reached XP level 1. HP: 18/18 MP: 1/1
    16 | D:5      | Noticed a water moccasin
    22 | D:5      | Gained mutation: You have a small tail. [demonic ancestry]
    22 | D:5      | Reached XP level 2. HP: 21/24 MP: 2/2
    49 | D:5      | Noticed a wight
    52 | D:5      | Noticed a wight
    52 | D:5      | Noticed a wight
    52 | D:5      | Noticed a wight
    66 | D:5      | Noticed a phantom
    84 | D:5      | Noticed a gnoll sergeant
   340 | D:3      | Found a shimmering blue altar of Sif Muna.
   343 | D:3      | Noticed Sigmund
   350 | D:3      | Killed from afar by Sigmund

Illustrated notes

Levels and vault maps discovered:
D:3:      layout_basic, grunt_temple_overflow_order_and_chaos_2,
          mainiacjoe_overflow_24_doors, nicolae_sif_muna_condensation,
          serial_shops, shop, nicolae_shop_advertising_works
          [nicolae_subvault_shop_adworks], shop, shop,
          nicolae_shop_hallway_stairs, uniq_sigmund
D:4:      minmay_evil_eye, layout_gridville, minivault_25
D:5:      layout_basic

Skill      XL: |  1 |
---------------+----+-----
Dodging        | 2 |  2.0
Fighting       | |  3.2
Axes           | |  1.7
Armour         | |  0.6
Stealth        | |  4.5
Evocations     | |  0.8

Action                   || total
-------------------------++-------
Melee: Hand axe          ||    14
       Tailslap          ||     2
       Punch             ||     1
  Use: Potion            ||     1
Armor: Leather armour    ||     5
Dodge: Dodged            ||    12

Table legend: (Time is in decaauts)
 A = Elapsed time spent in this place.
 B = Non-inter-level travel time spent in this place.
 C = Inter-level travel time spent in this place.
 D = Time resting spent in this place.
 E = Time spent auto-exploring this place.
 F = Levels seen in this place.
 G = Mean time per level.
                   A        B        C        D        E       F      G
               +--------+--------+--------+--------+--------+-----+--------+
         Total |    332 |    332 |      0 |      0 |    250 |   3 |  110.7 |
       Dungeon |    332 |    332 |      0 |      0 |    250 |   3 |  110.7 |
               +--------+--------+--------+--------+--------+-----+--------+

Top non-repeatable levels by time:
     D:3: 262 daAuts
     D:5: 68 daAuts
     D:4: 1 daAuts
